Map: Dusk Towers

Players

Taitolas - Winner!

  • Race: Protoss Protoss
  • League: Diamond

Phoverlord

  • Race: Protoss Protoss
  • League: Master

VOD

Have the link to the VOD?

Description

Time

  • Played on: Jan. 25, 2016, 1:23 a.m.
  • Length: 17:22
Show
View Real Time Build Order
Export as new Build Order

Taitolas Protoss - Winner!

Build Orders: 1 Gate Expand 

Get SALT Encoding   

  12  0:01  Probe (Chrono Boost)  
  13  0:11  Probe (Chrono Boost)  
  14  0:18  Pylon  
  14  0:23  Probe (Chrono Boost)  
  15  0:36  Probe (Chrono Boost)  
  15  0:42  Gateway  
  16  0:47  Probe (Chrono Boost)  
  16  0:48  Assimilator  
  17  0:57  Probe (Chrono Boost)  
  18  1:08  Probe (Chrono Boost)  
  19  1:24  Nexus  
  19  1:25  Probe (Chrono Boost)  
  20  1:37  Cybernetics Core  
  20  1:41  Probe (Chrono Boost)  
  21  1:52  Probe (Chrono Boost)  
  22  1:58  Assimilator  
  22  2:02  Probe (Chrono Boost)  
  22  2:06  Pylon  
  23  2:12  Gateway  
  23  2:24  Probe (Chrono Boost)  
  23  2:28  Pylon  
  24  2:35  Mothership Core (Chrono Boost)  
  25  2:39  Stalker  
  27  2:53  Probe (Chrono Boost)  
  27  2:54  Probe (Chrono Boost)  
  29  3:00  Robotics Facility  
  29  3:05  Probe (Chrono Boost)  
  30  3:08  Stalker  
  30  3:11  Probe (Chrono Boost)  
  33  3:19  Stalker  
  35  3:22  Probe (Chrono Boost)  
  37  3:27  Probe (Chrono Boost)  
  37  3:32  Probe (Chrono Boost)  
  38  3:40  Stalker  
  40  3:50  Observer (Chrono Boost), Pylon  
  40  3:52  Probe  
  40  3:54  Probe  
  42  4:00  Assimilator  
  43  4:02  Pylon  
  43  4:04  Probe  
  43  4:05  Probe  
  43  4:07  Pylon  
  45  4:11  Stalker  
  45  4:15  Probe  
  45  4:16  Probe  
  49  4:21  Immortal (Chrono Boost)  
  53  4:26  Probe  
  53  4:28  Probe  
  55  4:36  Probe  
  55  4:37  Warp Gate (Chrono Boost)  
  56  4:40  Stalker  
  56  4:41  Stalker  
  56  4:42  Probe  
  61  4:49  Twilight Council  
  61  4:53  Probe  
  62  5:07  Robotics Bay  
  62  5:17  Pylon  
  62  5:20  Probe  
  62  5:21  Probe, Pylon  
  62  5:23  Observer  
  61  5:41  Blink (Chrono Boost)  
  54  5:50  Probe  
  54  5:51  Probe  
  55  6:00  Probe  
  55  6:03  Probe  
  57  6:11  Probe  
  57  6:13  Forge  
  57  6:14  Pylon  
  57  6:16  Probe  
  59  6:22  Probe  
  60  6:28  Probe  
  60  6:29  Disruptor  
  60  6:32  Probe  
  64  6:34  Nexus  
  65  6:40  Probe  
  65  6:41  Assimilator  
  65  6:43  Probe  
  67  6:52  Probe  
  67  6:53  Probe  
  69  7:02  Photon Cannon x2  
  69  7:04  Probe x2, Disruptor  
  69  7:07  Pylon  
  74  7:11  Stalker  
  76  7:17  Protoss Ground Weapons Level 1 (Chrono Boost)  
  76  7:20  Probe  
  77  7:25  Probe  
  78  7:30  Photon Cannon  
  78  7:33  Probe, Photon Cannon  
  78  7:36  Disruptor  
  79  7:37  Probe  
  83  7:45  Probe  
  83  7:49  Probe  
  83  7:50  Gateway  
  83  7:51  Probe  
  85  7:55  Observer Gravitic Boosters  
  86  8:07  Disruptor  
  86  8:10  Probe  
  86  8:11  Stalker x2  
  94  8:15  Probe  
  95  8:20  Gateway  
  95  8:21  Gateway  
  79  8:51  Disruptor  
  74  9:02  Protoss Ground Weapons Level 2 (Chrono Boost)  
  68  9:04  Stalker x2  
  68  9:06  Probe  
  73  9:18  Robotics Facility  
  73  9:22  Gateway, Disruptor, Assimilator  
  73  9:24  Gateway  
  73  9:25  Assimilator  
  73  9:26  Gateway  
  73  9:30  Stalker x5  
  83  9:34  Probe  
  84  9:47  Probe  
  84  9:50  Probe  
  84  9:51  Charge  
  84  9:52  Probe  
  87  10:03  Stalker x5, Nexus  
  87  10:06  Pylon  
  97  10:07  Pylon  
  97  10:09  Pylon  
  97  10:12  Disruptor (Chrono Boost)  
  97  10:13  Disruptor (Chrono Boost)  
  103  10:23  Probe x2  
  105  10:34  Photon Cannon  
  105  10:38  Photon Cannon  
  101  11:01  Protoss Ground Weapons Level 3  
  101  11:03  Disruptor x2 (Chrono Boost)  
  101  11:04  Stalker x3, Probe  
  108  11:05  Stalker x2  
  108  11:07  Probe x2  
  120  11:14  Probe  
  120  11:16  Probe  
  122  11:19  Probe  
  122  11:20  Probe, Assimilator  
  122  11:24  Probe  
  124  11:25  Assimilator  
  124  11:30  Stalker x4  
  124  11:31  Stalker  
  135  11:34  Probe x2, Disruptor x2 (Chrono Boost)  
  143  11:45  Probe  
  143  11:54  Probe x3  
  146  12:02  Pylon  
  146  12:06  Pylon  
  146  12:10  Pylon  
  146  12:11  Pylon  
  146  12:14  Pylon  
  137  12:35  Disruptor x2 (Chrono Boost)  
  140  12:46  Stalker x7  
  140  12:47  Stalker  
  156  12:51  Probe  
  137  13:06  Disruptor x2 (Chrono Boost)  
  136  13:14  Stalker x6  
  136  13:15  Stalker x2  
  152  13:37  Disruptor x2 (Chrono Boost)  
  157  13:47  Pylon  
  152  14:01  Stalker x4  
  152  14:02  Stalker x4  
  166  14:08  Disruptor x2 (Chrono Boost)  
  172  14:11  Gateway  
  172  14:13  Gateway  
  172  14:14  Gateway  
  172  14:19  Gateway  
  124  14:38  Stalker x4  
  124  14:39  Stalker x4  
  124  14:43  Probe x2  
  142  14:53  Disruptor x2 (Chrono Boost)  
  142  14:57  Nexus  
  142  14:59  Assimilator  
  148  15:00  Pylon x2  
  148  15:03  Pylon  
  148  15:04  Assimilator  
  142  15:38  Disruptor x2 (Chrono Boost)  
  138  16:00  Stalker x6  
  138  16:01  Stalker x5  
  138  16:02  Stalker  
  157  16:09  Disruptor x2 (Chrono Boost)  
  123  16:45  Stalker x7  
  123  16:46  Stalker x4  
  123  16:47  Stalker  
  131  17:15  Stalker x7  
  143  17:16  Stalker x5  
Show
View Real Time Build Order
Export as new Build Order

Phoverlord Protoss 

Build Orders: Dark Templar Rush 

Get SALT Encoding   

  12  0:01  Probe (Chrono Boost)  
  13  0:11  Probe (Chrono Boost)  
  14  0:18  Pylon  
  14  0:22  Probe (Chrono Boost)  
  15  0:36  Probe (Chrono Boost)  
  15  0:40  Gateway  
  16  0:47  Probe (Chrono Boost)  
  17  0:52  Assimilator  
  17  0:57  Probe (Chrono Boost)  
  17  1:02  Assimilator  
  18  1:08  Probe (Chrono Boost)  
  19  1:21  Probe (Chrono Boost)  
  20  1:25  Pylon  
  20  1:31  Probe (Chrono Boost)  
  21  1:32  Cybernetics Core  
  21  1:42  Probe (Chrono Boost)  
  22  1:52  Probe (Chrono Boost)  
  23  2:03  Probe (Chrono Boost)  
  24  2:09  Warp Gate (Chrono Boost)  
  24  2:14  Mothership Core (Chrono Boost)  
  26  2:16  Twilight Council, Adept  
  28  2:36  Nexus  
  28  2:38  Probe (Chrono Boost)  
  29  2:48  Probe (Chrono Boost)  
  30  2:56  Dark Shrine  
  30  2:59  Probe (Chrono Boost)  
  31  3:07  Robotics Facility  
  31  3:19  Pylon  
  31  3:26  Gateway  
  31  3:37  Probe (Chrono Boost)  
  31  3:38  Gateway  
  32  4:01  Probe  
  33  4:06  Warp Prism (Chrono Boost)  
  35  4:11  Dark Templar  
  37  4:21  Dark Templar  
  39  4:30  Blink  
  39  4:31  Forge  
  39  4:37  Probe  
  39  4:38  Probe  
  39  4:54  Probe  
  39  4:56  Probe  
  41  5:00  Dark Templar  
  41  5:04  Probe  
  44  5:09  Probe, Assimilator  
  44  5:12  Pylon  
  44  5:14  Assimilator  
  45  5:22  Probe  
  46  5:30  Probe  
  46  5:32  Probe  
  48  5:43  Probe  
  48  5:44  Probe  
  50  5:53  Stalker  
  50  5:54  Stalker  
  52  5:58  Probe  
  52  6:02  Pylon  
  51  6:04  Pylon  
  51  6:09  Probe, Pylon  
  51  6:10  Photon Cannon  
  52  6:11  Pylon, Photon Cannon  
  52  6:16  Dark Templar  
  54  6:21  Immortal (Chrono Boost)  
  54  6:23  Probe  
  57  6:27  Stalker x2  
  57  6:29  Gateway  
  61  6:32  Gateway  
  61  6:52  Robotics Bay  
  61  7:05  Nexus  
  61  7:07  Pylon  
  61  7:11  Protoss Ground Weapons Level 1  
  61  7:14  Immortal (Chrono Boost)  
  65  7:18  Stalker  
  65  7:21  Probe  
  67  7:23  Probe  
  69  7:40  Robotics Facility  
  69  7:42  Probe  
  69  7:43  Gateway  
  70  7:48  Probe, Disruptor (Chrono Boost)  
  70  7:49  Gateway  
  74  7:55  Stalker  
  75  8:09  Stalker x4  
  83  8:13  Probe  
  70  8:46  Stalker x3  
  70  8:47  Stalker x2  
  72  9:01  Disruptor (Chrono Boost)  
  78  9:06  Disruptor (Chrono Boost)  
  78  9:08  Probe x2  
  79  9:10  Probe  
  79  9:12  Stalker x3  
  87  9:17  Mothership Core  
  87  9:20  Probe  
  78  9:32  Stalker x3  
  78  9:36  Gateway  
  78  9:37  Pylon  
  84  9:38  Pylon  
  84  9:39  Protoss Ground Weapons Level 2  
  84  9:47  Probe, Observer (Chrono Boost)  
  84  9:51  Dark Templar, Probe  
  88  9:53  Probe  
  88  9:58  Probe  
  91  10:02  Probe, Assimilator  
  91  10:05  Probe  
  93  10:07  Assimilator  
  93  10:08  Probe  
  93  10:12  Probe  
  94  10:18  Probe  
  96  10:23  Probe  
  97  10:29  Dark Templar  
  97  10:30  Dark Templar  
  97  10:31  Probe  
  97  10:32  Stalker  
  97  10:33  Stalker x3  
  110  10:41  Probe  
  111  10:54  Probe  
  110  10:58  Stalker x2  
  110  10:59  Disruptor (Chrono Boost)  
  110  11:03  Probe x2  
  119  11:04  Disruptor (Chrono Boost)  
  119  11:08  Probe  
  121  11:15  Stalker, Nexus, Pylon  
  121  11:16  Stalker  
  125  11:19  Pylon  
  125  11:38  Disruptor (Chrono Boost)  
  131  11:42  Disruptor (Chrono Boost)  
  131  11:43  Stalker x4  
  131  11:44  Stalker  
  141  11:47  Gateway  
  141  11:50  Photon Cannon  
  141  11:58  Protoss Ground Weapons Level 3  
  141  12:03  Pylon  
  141  12:20  Probe  
  141  12:21  Disruptor (Chrono Boost), Pylon  
  145  12:34  Stalker x4  
  156  12:40  Disruptor (Chrono Boost)  
  150  12:52  Disruptor (Chrono Boost)  
  154  13:14  Assimilator  
  154  13:15  Disruptor (Chrono Boost)  
  154  13:16  Stalker  
  154  13:17  Stalker x3  
  162  13:23  Disruptor (Chrono Boost)  
  165  13:29  Stalker x2  
  165  13:30  Stalker  
  167  13:51  Disruptor (Chrono Boost)  
  167  13:54  Disruptor (Chrono Boost)  
  159  14:10  Stalker x4  
  159  14:11  Stalker  
  153  14:26  Disruptor (Chrono Boost)  
  153  14:27  Disruptor (Chrono Boost)  
  127  14:36  Stalker x6  
  93  14:47  Probe  
  93  14:50  Assimilator  
  93  14:52  Stalker x3  
  100  15:00  Stalker x2  
  104  15:14  Stalker x4  
  112  15:25  Stalker  
  112  15:27  Stalker x3  
  104  15:38  Disruptor (Chrono Boost)  
  104  15:39  Stalker  
  93  15:52  Stalker x4  
  93  15:53  Stalker  
  87  16:09  Stalker x3  
  87  16:10  Stalker  
  93  16:16  Stalker  
  93  16:17  Stalker x2  
  86  16:37  Stalker  
  86  16:38  Stalker x5  
  86  16:42  Stalker  
  86  16:45  Stalker  
  85  16:52  Stalker  
  75  17:03  Stalker x3  
  75  17:04  Stalker  
  75  17:05  Probe x2, Zealot  
  75  17:06  Zealot x2  
  75  17:07  Probe  
Tags
 
Add a new tag
Caveats
  • Supply blocks, unpowered buildings, or Contaminate may cause inaccurate times.
  • Supply counts are checked every 10 seconds.